 Dungeon Crawl Stone Soup version 0.32-a0-42-ga30500b4d3 (webtiles) character file.

Game seed: 5257291186895660965

66724 seren the Black Sun (level 14, -4/103 HPs)
             Began as a Demonspawn Necromancer on Jan 30, 2024.
             Was a High Priest of Kikubaaqudgha.
             Slain by a naga warrior
             ... wielding a +0 glaive
              (25 damage)
             ... on level 1 of the Snake Pit.
             The game lasted 02:34:22 (31221 turns).

seren the Black Sun (Demonspawn Necromancer)       Turns: 31221, Time: 02:34:23

Health: -4/103     AC: 19    Str:  8    XL:     14   Next: 80%
Magic:  28/29      EV: 18    Int: 21    God:    Kikubaaqudgha [*****.]
Gold:   901        SH:  0    Dex: 20    Spells: 6/35 levels left

rFire   + . .        f - +1 short sword (drain)
rCold   . . .        (no shield)
rNeg    . . .        e - +3 leather armour
rPois   +            o - +2 helmet {SInv}
rElec   .            r - +0 cloak
rCorr   .            Z - +1 pair of gloves
SInv    +            g - +1 pair of boots
Will    +....        Q - amulet of magic regeneration
Stlth   ++++         d - +6 ring of dexterity
HPRegen 0.37/turn    t - ring of protection from fire
MPRegen 0.61/turn

%: no passive effects
@: lethally poisoned (-4 -> -20), animating dead, slowed, studying Fire Magic,
very slow
A: claws 2, slimy green scales 3, foul stench 2, demonic magic 1
a: Renounce Religion, Unearth Wretches, Torment


You were on level 1 of the Snake Pit.
You worshipped Kikubaaqudgha.
Kikubaaqudgha was extremely pleased with you.
You visited 6 branches of the dungeon, and saw 25 of its levels.
You also visited: Sewer and Gauntlet.

You collected 1896 gold pieces.
You spent 995 gold pieces at shops.

Inventory:

Hand Weapons
 a - a +2 antimagic short sword
 b - a +2 dagger of protection
 f - a +1 short sword of draining (weapon)
Missiles
 n - 3 silver javelins
 y - 4 javelins
 D - 5 curare-tipped darts
 O - 4 throwing nets (quivered) {!f}
Armour
 e - a +3 leather armour (worn)
 g - a +1 pair of boots (worn)
 o - a +2 helmet of see invisible (worn)
 r - a +0 cloak (worn)
 Z - a +1 pair of gloves (worn)
Jewellery
 c - a +6 ring of intelligence
 d - a +6 ring of dexterity (left hand)
 t - a ring of protection from fire (right hand)
 u - a ring of willpower
 M - an amulet of regeneration
 Q - an amulet of magic regeneration (around neck)
 T - a ring of see invisible
 Y - a +6 ring of strength
Wands
 q - a wand of roots (32)
 s - a wand of polymorph (4)
 H - a wand of acid (5)
 N - a wand of paralysis (14)
 S - a wand of mindburst (13)
 V - a wand of flame (15)
Scrolls
 i - 2 scrolls of immolation
 l - 2 scrolls of summoning
 p - 4 scrolls of blinking {!r}
 w - a scroll of fear
 x - a scroll of revelation
 z - a scroll of fog
 A - 10 scrolls of teleportation {!r}
 G - a scroll of poison {unknown}
 J - a scroll of torment {unknown}
 U - 2 scrolls of vulnerability
 W - a scroll of acquirement {unknown}
Potions
 h - 2 potions of berserk rage
 j - 4 potions of resistance
 k - a potion of magic
 m - 6 potions of enlightenment
 v - a potion of heal wounds
 B - 5 potions of curing
 C - 2 potions of might
 F - 2 potions of brilliance
 K - 3 potions of haste
 L - 3 potions of lignification
 P - 2 potions of invisibility
 X - 2 potions of mutation {!q}


   Skills:
 + Level 7.2 Fighting
 + Level 8.2 Short Blades
 - Level 5.0 Armour
 - Level 10.0 Dodging
 - Level 7.0 Stealth
 * Level 11.4 Spellcasting
 - Level 4.0 Summonings
 + Level 15.9 Necromancy
 - Level 6.0 Evocations


You had 6 spell levels left.
You knew the following spells:

 Your Spells              Type           Power      Damage    Failure   Level
a - Necrotise             Necr           100%       1d9       0%          1
b - Vampiric Draining     Necr           68%        2d10      1%          3
c - Animate Dead          Necr           68%        N/A       1%          4
d - Curse of Agony        Necr           68%        N/A       1%          5
e - Sublimation of Blood  Necr           68%        N/A       0%          2
f - Dispel Undead         Necr           68%        3d23      1%          4
g - Martyr's Knell        Necr/Summ      52%        N/A       1%          4
h - Death Channel         Necr           34%        N/A       1%          6

Your spell library contained the following spells:

 Spells                   Type           Power      Damage    Failure   Level
 Kiss of Death            Conj/Necr      100%       2d13      1%          1
 Cigotuvi's Dreadful Rot  Necr/Alch/Air  68%        N/A       1%          2
 Fugue of the Fallen      Necr           68%        N/A       1%          3
 Call Imp                 Summ           56%        N/A       2%          2
 Anguish                  Hex/Necr       22%        N/A       2%          4
 Call Canine Familiar     Summ           28%        N/A       4%          3
 Foxfire                  Conj/Fire      48%        2x1d6     8%          1
 Magic Dart               Conj           48%        1d5       8%          1
 Shock                    Conj/Air       48%        1d6       8%          1
 Ensorcelled Hibernation  Hex/Ice        24%        N/A       12%         2
 Searing Ray              Conj           24%        2d5       12%         2
 Confusing Touch          Hex            12%        N/A       22%         3
 Frozen Ramparts          Ice            24%        1d4       22%         3
 Gell's Gravitas          Tloc           12%        N/A       22%         3
 Ozocubu's Armour         Ice            12%        N/A       22%         3
 Sigil of Binding         Hex            12%        N/A       22%         3
 Swiftness                Air            12%        N/A       22%         3
 Teleport Other           Tloc           12%        N/A       22%         3
 Tukima's Dance           Hex            12%        N/A       22%         3
 Animate Armour           Summ/Erth      40%        N/A       32%         4
 Summon Lightning Spire   Summ/Air       20%        N/A       32%         4
 Airstrike                Air            6%         2d(1-17)  58%         4
 Cause Fear               Hex            6%         N/A       58%         4
 Dimensional Bullseye     Hex/Tloc       6%         N/A       58%         4
 Fulminant Prism          Conj/Alch      6%         3d7       58%         4
 Iskenderun's Mystic Bla  Conj/Tloc      12%        2d5       58%         4
 Leda's Liquefaction      Alch/Erth      6%         N/A       58%         4
 Manifold Assault         Tloc           12%        N/A       58%         4
 Passage of Golubria      Tloc           12%        N/A       58%         4
 Petrify                  Alch/Erth      12%        N/A       58%         4
 Fireball                 Conj/Fire      6%         3d5       91%         5
 Lee's Rapid Deconstruct  Erth           6%         3d6*      91%         5
 Metabolic Englaciation   Hex/Ice        6%         N/A       91%         5
 Silence                  Hex/Air        6%         N/A       91%         5
 Dispersal                Tloc           6%         N/A       100%        6
 Plasma Beam              Fire/Air       6%         2x1d16    100%        6
 Sculpt Simulacrum        Ice/Alch       6%         N/A       100%        6
 Starburst                Conj/Fire      6%         6d4       100%        6
 Ozocubu's Refrigeration  Ice            6%         4d8       100%        7
 Summon Hydra             Summ           14%        N/A       100%        7
 Lehudib's Crystal Spear  Conj/Erth      6%         10d3      100%        8
 Dragon's Call            Summ           14%        N/A       100%        9
 Polar Vortex             Ice            6%         N/A       100%        9


Dungeon Overview and Level Annotations

Branches:
Dungeon (14/15)            Temple (1/1) D:4            Lair (5/5) D:9
  Swamp (1/4) Lair:2        Snake (2/4) Lair:2          Orc (2/2) D:9
    Elf (0/3) Orc:2         Sewer (visited)         Gauntlet (visited)
  Slime: Lair:4-5    Vaults: D:13-14

Altars:
Ashenzari
Cheibriados
Dithmenos
Fedhas
Gozag
Hepliaklqana
Kikubaaqudgha
Makhleb
Nemelex Xobeh
Okawaru
Qazlal
Ru
Sif Muna
Trog
Uskayaw
Vehumet
Wu Jian
Xom
Yredelemnul

Shops:
D:1 [   D:3 =   D:7 !   Orc:2 =([**

Annotations:
D:10 Maggie; Maurice
D:13 Frances
Lair:2 3 runed translucent doors, Xoff's ghost, journeyman GnCj
Lair:4 exclusion: 3 oklob plants
Lair:5 fire vault
Snake:1 2 transporters, exclusion: shock serpent, Dirtsage's ghost, adept OpSh
Orc:2 exclusion: upstairs


Innate Abilities, Weirdness & Mutations

You have very sharp fingernails.
You are completely covered in slimy green scales. (AC +4, rPois)
You sometimes emit foul miasma when damaged in melee.
Spells you cast may paralyse adjacent enemies.


Message History

The naga warrior's grasp on you weakens, but your attempt to escape fails.
The naga warrior hits you with a +0 glaive!!
* * * LOW HITPOINT WARNING * * *
The naga warrior constricts you.
The guardian serpent casts a spell at you.
You resist with some effort.
The naga warrior hits you with a +0 hand axe!!
* * * LOW HITPOINT WARNING * * *
You emit a cloud of foul miasma!
Unknown command.
You escape the naga warrior's grasp.
The guardian serpent coils itself and waves its upper body at you.
You feel yourself slow down.
The naga warrior is engulfed in dark miasma.
The naga warrior spits poison at you. The splash of poison hits you.
You are poisoned.
You resist.
* * * LOW HITPOINT WARNING * * *
The naga warrior spits poison at you. The splash of poison misses you.
You climb upwards.
Level annotation: 2 transporters, exclusion: shock serpent, Dirtsage's ghost, adept OpSh You feel extremely sick.
There is a stone staircase leading down here.
As you read the scroll of fear, it crumbles to dust.
You assume a fearsome visage.
The naga warrior looks frightened! x2
You feel very sick.
You feel very sick.
The naga warrior is freed from its curse.
You feel better.
The naga warrior seems to regain its courage.
The naga warrior spits poison at you. The splash of poison hits you.
You are poisoned.
You resist.
* * * LOW HITPOINT WARNING * * *
The naga warrior hits you from afar with a +0 glaive!!
You die...
Kikubaaqudgha rasps: "You have failed me!
Welcome... death!"

##.## #.........##...N#
### ##........#N.....N
#...###..#.###[_(
#........#N.#§§!)
#.###....##.##§.# #.#
#.....###...# #.#
##....##.....
####.####.....###NN.
##>.@............####
##.............#....©.
..##
##..N..................
...##
#...............###...#
....##
#...........[...# #####
.....#
#.......N.......#
.....#
#...............#
.....#
#...............# ....#
#.......#.......#


You could see 2 naga warriors.

Vanquished Creatures
  Gastronok (Lair:1)
  Snorg (D:12)
  A fire dragon (Lair:5)
  Harold (D:10)
  3 hydras
  A death knight (D:13)
  2 centaur warriors (D:13)
  2 boulder beetles
  3 two-headed ogres
  A naga warrior (Snake:1)
  5 orc high priests (Orc:2)
  A skyshark (Lair:3)
  2 mana vipers
  3 orc sorcerers (Orc:2)
  7 orc knights (Orc:2)
  8 black mambas
  3 elephants (Lair:3)
  A molten gargoyle (Lair:5)
  2 gargoyles
  14 cane toads
  2 unseen horrors
  9 komodo dragons
  2 rime drakes (Lair:4)
  2 trolls
  A hornet (D:7)
  15 blink frogs
  2 polar bears (Lair:5)
  A dream sheep (Lair:2)
  A slime creature (D:12)
  39 yaks
  2 wyverns
  A warg (D:9)
  3 wraiths
  A basilisk (Lair:5)
  2 hogs (D:13)
  2 steam dragons
  4 vampire mosquitoes (D:12)
  2 acid dragons
  5 nagas
  2 swamp worms (Lair:2)
  Edmund (D:4)
  16 water moccasins
  A hell hound (Lair:5)
  36 orc warriors
  5 sky beasts
  2 ice beasts
  3 black bears
  2 crocodiles (Sewer)
  7 wolves
  An ogre (D:5)
  3 centaurs
  A phantom (D:3)
  A kobold brigand (D:11)
  2 gnoll sergeants
  9 bullfrogs
  3 scorpions
  3 wights
  A killer bee (D:10)
  5 electric eels (D:10)
  4 howler monkeys
  A lava snake (Lair:5)
  A hound (D:6)
  26 orc priests
  3 jellies
  A sleepcap (D:4)
  5 iguanas
  A sickly merfolk siren (Sewer)
  A malarious merfolk avatar (Sewer)
  24 orc wizards
  8 gnolls
  14 adders
  3 river rats (Sewer)
  A white imp (D:7)
  2 ufetubi (D:6)
  4 ribbon worms
  A dart slug (D:2)
  63 orcs
  9 ball pythons
  8 endoplasms
  6 giant cockroaches
  8 goblins
  8 hobgoblins
  A jackal (D:4)
  7 kobolds
  12 quokkas
  7 bats
  5 frilled lizards
  24 rats
520 creatures vanquished.

Vanquished Creatures (collateral kills)
  A lindwurm (Lair:5)
  An orc knight (Orc:2)
  An elephant (Lair:3)
  4 black mambas
  2 molten gargoyles (Lair:5)
  A naga mage (Snake:2)
  A gargoyle (D:13)
  A torpor snail (Lair:2)
  6 komodo dragons
  3 cane toads
  A hornet (D:9)
  2 tyrant leeches (Lair:2)
  2 blink frogs (Lair:4)
  2 dream sheep (Lair:2)
  3 wyverns (Lair:5)
  13 yaks
  2 basilisks (Lair:2)
  3 steam dragons (Lair:5)
  A swamp worm (Lair:2)
  3 nagas
  2 water moccasins
  4 hell hounds (Lair:5)
  2 orc warriors
  4 wolves
  An ogre (Orc:2)
  A bullfrog (Lair:2)
  A wight (D:8)
  4 lava snakes (Lair:5)
  7 orc priests
  2 orc wizards (D:11)
  2 gnolls
  An adder (Sewer)
  A dart slug (D:2)
  13 orcs
  A ball python (D:4)
  An endoplasm (D:2)
  A giant cockroach (D:2)
  A jackal (D:4)
  3 kobolds (D:11)
  A quokka (Sewer)
  5 rats (Sewer)
111 creatures vanquished.

Vanquished Creatures (others)
  A black mamba (Lair:5)
  2 swamp worm zombies (Lair:2)
  An unseen horror zombie (D:11)
  4 black mamba zombies (Lair:5)
  A tyrant leech zombie (Lair:2)
  A cane toad zombie (Lair:5)
  An elephant zombie (Lair:3)
  A blink frog zombie (Lair:4)
  4 komodo dragon zombies (Lair:5)
  A water moccasin zombie (Lair:2)
  2 wyvern zombies (Lair:5)
  17 yak zombies
  5 wolf zombies
  A bullfrog zombie (Lair:3)
  A centaur zombie (D:8)
  A basilisk zombie (Lair:2)
  3 naga zombies
  2 steam dragon zombies (Lair:5)
  3 lava snake zombies (Lair:5)
  39 orc zombies
  A gnoll zombie (D:12)
92 creatures vanquished.

Grand Total: 723 creatures vanquished

Notes
Turn   | Place    | Note
-------+----------+-------------------------------------------
     0 | D:1      | seren the Demonspawn Necromancer began the quest for the
                  | Orb.
     0 | D:1      | Reached XP level 1. HP: 13/13 MP: 3/3
   161 | D:1      | Gained mutation: You are partially covered in slimy green
                  | scales. (AC +2) [demonic ancestry]
   161 | D:1      | Reached XP level 2. HP: 11/19 MP: 3/5
   553 | D:1      | Found Zeestej's Antique Armour Emporium.
   884 | D:2      | Reached XP level 3. HP: 25/25 MP: 3/6
   926 | D:2      | Learned a level 3 spell: Vampiric Draining
  1012 | D:2      | Reached skill level 1 in Fighting
  1034 | D:2      | Reached skill level 1 in Armour
  1034 | D:2      | Reached XP level 4. HP: 32/32 MP: 3/7
  1240 | D:2      | Found an opulent altar of Gozag.
  1249 | D:2      | Reached skill level 1 in Short Blades
  1817 | D:3      | Gained mutation: You have sharp fingernails. [demonic
                  | ancestry]
  1817 | D:3      | Reached XP level 5. HP: 37/37 MP: 2/8
  1882 | D:3      | Found Weqeh's Jewellery Emporium.
  2088 | D:3      | Found a faded altar of an unknown god.
  2337 | D:4      | Noticed a phantom
  2417 | D:3      | Killed a phantom
  2877 | D:4      | Gained mutation: Spells you cast may paralyse adjacent
                  | enemies. [demonic ancestry]
  2877 | D:4      | Reached XP level 6. HP: 34/44 MP: 3/10
  3011 | D:4      | Noticed Edmund
  3207 | D:4      | Reached skill level 5 in Necromancy
  3240 | D:4      | Found a sparkling altar of Nemelex Xobeh.
  3250 | D:4      | Reached skill level 1 in Evocations
  3312 | D:4      | Found a staircase to the Ecumenical Temple.
  3327 | Temple   | Entered the Ecumenical Temple
  3494 | D:5      | Entered Level 5 of the Dungeon
  3640 | D:5      | Found a burning altar of Makhleb.
  3644 | D:5      | Found an ancient bone altar of Kikubaaqudgha.
  3644 | D:5      | Found a broken altar of Ashenzari.
  3645 | D:5      | Found a radiant altar of Vehumet.
  3645 | D:5      | Found an ornate altar of the Wu Jian Council.
  3994 | D:5      | Reached XP level 7. HP: 50/50 MP: 7/11
  4587 | D:6      | Found a glowing drain.
  4594 | Sewer    | Entered a sewer
  4890 | Sewer    | Reached skill level 6 in Necromancy
  5364 | D:5      | Reached XP level 8. HP: 39/56 MP: 6/13
  5552 | D:6      | Reached skill level 7 in Necromancy
  5900 | D:6      | Found a sacrificial altar of Ru.
  6442 | D:4      | Killed Edmund
  6630 | D:7      | Reached XP level 9. HP: 61/61 MP: 11/15
  6635 | D:7      | Learned a level 4 spell: Animate Dead
  6658 | D:7      | Found an opulent altar of Gozag.
  7077 | D:6      | Reached skill level 8 in Necromancy
  7209 | D:7      | Found Cogib's Distillery.
  7384 | D:7      | Reached skill level 5 in Dodging
  7640 | D:7      | Bought a potion of heal wounds for 50 gold pieces
  7640 | D:7      | Bought a potion of heal wounds for 50 gold pieces
  7640 | D:7      | Bought a potion of curing for 30 gold pieces
  7640 | D:7      | Bought a potion of haste for 100 gold pieces
  7640 | D:7      | Bought a potion of lignification for 30 gold pieces
  8025 | D:7      | Reached skill level 5 in Spellcasting
  8114 | D:8      | Learned a level 5 spell: Curse of Agony
  8145 | D:7      | Reached skill level 9 in Necromancy
  8550 | D:8      | Found a stormy altar of Qazlal.
  8562 | D:8      | Reached skill level 5 in Stealth
  8587 | D:8      | Gained mutation: You are mostly covered in slimy green
                  | scales. (AC +3) [demonic ancestry]
  8587 | D:8      | Reached XP level 10. HP: 67/67 MP: 8/18
  8691 | D:8      | Identified the +10 shortbow of the Madman {freeze, ^Fragile
                  | rElec rF+ Will+}
  8746 | D:8      | Reached skill level 5 in Short Blades
  9020 | D:8      | Identified the +0 scale mail of the Original Sin {rN+
                  | Regen+}
  9182 | D:8      | Found a shimmering altar of Xom.
  9182 | D:8      | Found a hide-covered altar of Uskayaw.
  9201 | D:8      | Found a transporter.
  9206 | D:8      | Found a transporter.
  9332 | D:8      | Reached skill level 10 in Necromancy
  9538 | D:9      | Found a staircase to the Orcish Mines.
  9618 | D:9      | Noticed a two-headed ogre
  9703 | D:9      | Found a shimmering blue altar of Sif Muna.
  9732 | D:9      | Found a staircase to the Lair.
 10299 | D:9      | Noticed a two-headed ogre
 10737 | D:10     | Entered Level 10 of the Dungeon
 10747 | D:10     | Reached skill level 11 in Necromancy
 11134 | D:3      | Bought a ring of poison resistance for 260 gold pieces
 11218 | D:5      | Became a worshipper of Kikubaaqudgha
 11527 | D:9      | Killed a two-headed ogre
 11674 | D:9      | Killed a two-headed ogre
 11675 | D:9      | Gained mutation: You have very sharp fingernails. [demonic
                  | ancestry]
 11675 | D:9      | Reached XP level 11. HP: 72/72 MP: 21/21
 11765 | Orc:1    | Entered Level 1 of the Orcish Mines
 11799 | Lair:1   | Entered Level 1 of the Lair of Beasts
 11885 | Lair:1   | Reached skill level 12 in Necromancy
 12115 | Lair:1   | Reached * piety under Kikubaaqudgha
 12115 | Lair:1   | Received a gift from Kikubaaqudgha
 12119 | Lair:1   | Learned a level 2 spell: Sublimation of Blood
 12467 | Lair:1   | Noticed Gastronok
 13267 | Lair:2   | Found a runed translucent gate.
 13267 | Lair:2   | Found a runed translucent gate.
 13268 | Lair:2   | Found a runed translucent gate.
 13272 | Lair:2   | Noticed Xoff's ghost (journeyman GnCj)
 13541 | Lair:2   | Reached skill level 5 in Evocations
 13556 | Lair:2   | Reached ** piety under Kikubaaqudgha
 13744 | Lair:2   | Gained mutation: You are completely covered in slimy green
                  | scales. (AC +4, rPois) [demonic ancestry]
 13744 | Lair:2   | Reached XP level 12. HP: 77/83 MP: 19/23
 13768 | Lair:2   | Found a staircase to the Swamp.
 13794 | Lair:2   | Reached skill level 13 in Necromancy
 14134 | Lair:2   | Found a staircase to the Snake Pit.
 15408 | Lair:3   | Noticed a five-headed hydra
 16025 | Lair:3   | Noticed an eight-headed hydra
 16196 | Lair:3   | Reached skill level 5 in Fighting
 16308 | Lair:3   | Learned a level 4 spell: Dispel Undead
 16403 | Lair:4   | Reached skill level 14 in Necromancy
 16667 | Lair:4   | Reached *** piety under Kikubaaqudgha
 16667 | Lair:4   | Received a gift from Kikubaaqudgha
 16692 | Lair:4   | Learned a level 4 spell: Martyr's Knell
 17277 | Lair:5   | Entered Level 5 of the Lair of Beasts
 17277 | Lair:5   | Noticed a four-headed hydra
 17611 | Lair:4   | Reached skill level 1 in Summonings
 17621 | Lair:4   | Gained mutation: You may rarely emit foul miasma when
                  | damaged in melee. [demonic ancestry]
 17621 | Lair:4   | Reached XP level 13. HP: 82/91 MP: 21/25
 18422 | Lair:5   | Reached **** piety under Kikubaaqudgha
 19340 | D:1      | Bought a pair of embroidered gloves for 150 gold pieces
 19685 | Orc:2    | Entered Level 2 of the Orcish Mines
 19725 | Orc:1    | Learned a level 6 spell: Death Channel
 19811 | Orc:2    | Reached skill level 15 in Necromancy
 19943 | Orc:1    | Noticed an ettin
 20517 | Orc:2    | Found a staircase to the Elven Halls.
 20523 | Orc:2    | Found Alevapaph's Assorted Antiques.
 21044 | Orc:2    | Reached ***** piety under Kikubaaqudgha
 23244 | Orc:2    | Gained mutation: You sometimes emit foul miasma when
                  | damaged in melee. [demonic ancestry]
 23244 | Orc:2    | Reached XP level 14. HP: 97/98 MP: 27/27
 23525 | Orc:2    | Found Paehimuf's Assorted Antiques.
 23525 | Orc:2    | Found Godesm's Jewellery Shop.
 23526 | Orc:2    | Found Zouxtom's Armour Boutique.
 23526 | Orc:2    | Found Oxoilo's Antique Weapon Shop.
 23691 | D:10     | Noticed Harold
 23700 | D:10     | Killed Harold
 23709 | D:10     | Noticed Maggie
 23914 | D:10     | Reached skill level 10 in Spellcasting
 24101 | D:11     | Found a gate leading to a gauntlet.
 24123 | D:11     | Reached skill level 5 in Armour
 24170 | Gauntlet | Entered a Gauntlet
 24170 | Gauntlet | Found a transporter.
 24170 | Gauntlet | Found a runed translucent door.
 24170 | Gauntlet | Found a transporter.
 24179 | Gauntlet | Found a transporter.
 24183 | Gauntlet | Found a transporter.
 24191 | Gauntlet | Found a transporter.
 24203 | Gauntlet | Found a transporter.
 24211 | Gauntlet | Found a transporter.
 24228 | Gauntlet | Found a transporter.
 24243 | Gauntlet | Found a transporter.
 24247 | Gauntlet | Found a transporter.
 24255 | Gauntlet | Found a transporter.
 24259 | Gauntlet | Found a transporter.
 24263 | Gauntlet | Found a runed translucent door.
 24676 | D:11     | Found a shadowy altar of Dithmenos.
 24748 | D:11     | Reached ****** piety under Kikubaaqudgha
 25517 | D:12     | Noticed Snorg
 25528 | D:12     | Killed Snorg
 25644 | D:12     | You fall into a shaft and drop 2 floors!
 25906 | D:12     | Reached skill level 10 in Dodging
 26944 | D:13     | Noticed Frances
 28234 | D:10     | Noticed Maurice
 28347 | Lair:1   | Killed Gastronok
 28867 | D:3      | Bought a ring of protection from fire for 325 gold pieces
 29279 | Lair:5   | Found a large runed translucent door.
 29280 | Lair:5   | Found a large runed translucent door.
 29660 | Swamp:1  | Entered Level 1 of the Swamp
 29870 | Snake:1  | Entered Level 1 of the Snake Pit
 30146 | Snake:1  | Noticed Dirtsage's ghost (adept OpSh)
 30157 | Snake:1  | Found a bloodstained altar of Trog.
 30164 | Snake:1  | Found a transporter.
 30166 | Snake:1  | Found a transporter.
 31221 | Snake:1  | Slain by a naga warrior

Illustrated notes

Levels and vault maps discovered:
D:1:      zaba_arrival_water, layout_basic, serial_shops, shop,
          minmay_misc_feat_rows, reono_crystal_passage,
          amcnicky_mini_corridor_feature
D:2:      layout_basic, basic_altar
D:3:      layout_rooms, ebering_ecumenical_altar_petrified, serial_shops, shop
D:4:      wad_lake_hut, layout_rooms, nemelex_xobeh_ov_fountains_minmay,
          minmay_temple_entry_offerings, grunt_ministairs_15, uniq_edmund
D:5:      nicolae_cairo_tiling_large_dashed, layout_basic,
          grunt_temple_overflow_open, chequers_ossuary_entry_cave,
          chequers_serial_rivers_micro_b
D:6:      layout_loops_ring, general_overflow_altar,
          mainiacjoe_sewer_entry_somewhere_in_here_2
D:7:      kennysheep_spiral_hall, layout_basic,
          mainiacjoe_overflow_concentric_impassable, serial_shops,
          nicolae_shop_window_shopping, minmay_manual_mandibuliform
D:8:      layout_layer_cave, nicolae_qazlal_scattered_showers,
          nicolae_overflow_two_pavilions, nicolae_diode_stairs
D:9:      layout_roguey, nicolae_sif_muna_condensation,
          erik_lair_orcish_takeover, david_orc_2
D:10:     layout_rooms, serial_bayou, serial_bayou_pond_a, serial_bayou_shore_b,
          serial_bayou_shore_b, serial_bayou_lake_a, uniq_harold, uniq_maurice,
          uniq_maggie
D:11:     layout_layer_cave, gauntlet_entry_generic, grunt_dithmenos_smoke
D:12:     layout_basic, uniq_snorg
D:13:     layout_loops_corners, uniq_frances, uniq_kirke
D:14:     layout_stronghold, erik_vaults_1, ebering_ghost_rock_garden,
          nicolae_kikubaaqudgha_miasma_corner
Temple:   hellmonk_temple_beads
Lair:1:   layout_roguey, uniq_gastronok
Lair:2:   hellmonk_destroyed_diamonds, layout_cave_pods,
          minmay_swamp_entry_worms, minmay_snake_entry_guardpost_medium,
          gammafunk_ghost_necromancy
Lair:3:   layout_roguey
Lair:4:   layout_regular_city, minmay_slime_entry_oklob_open,
          minmay_lair_drake_nest, lemuel_fruit_tree
Lair:5:   cheibrodos_lair_end_hotspot, layout_regular_city
Swamp:1:  layout_basic_swamp, serial_swamp_ruin, evilmike_swamp_ruin_house_4,
          evilmike_swamp_ruin_house_5, swamp_pool_5
Snake:1:  layout_gridlike, special_room, gammafunk_ghost_wrathful_warriors
Snake:2:  layout_grid_shapes, guppyfry_snake_island, grunt_megastairs_3
Orc:1:    layout_caves, serial_shops, nicolae_shop_rolled_up, basic_altar
Orc:2:    st_orc_pillars, layout_caves, serial_shops,
          nicolae_shop_overgrown_old_shop, nicolae_orc_lava_room

Skill      XL: |  1  2  3  4  5  6  7  8  9 10 11 12 13 14 |
---------------+-------------------------------------------+-----
Stealth        | 2 3 5 6 7 |  7.0
Dodging        | 2 3 4 5 7 9 10 | 10.0
Fighting       | 1 2 3 5 7 |  7.2
Armour         | 1 2 3 4 5 |  5.0
Short Blades   | 1 2 3 4 5 6 7 8 |  8.2
Necromancy     | 5 6 7 9 11 12 14 15 | 15.9
Evocations     | 1 2 3 4 5 6 |  6.0
Spellcasting   | 3 4 5 6 7 8 9 11 | 11.4
Summonings     | 1 4 |  4.0

Action                     |  1- 3 |  4- 6 |  7- 9 | 10-12 | 13-15 || total
---------------------------+-------+-------+-------+-------+-------++-------
  Melee: Dagger            |    56 |   289 |   278 |   624 |   471 ||  1718
         Punch             |       |     1 |     3 |    10 |    14 ||    28
         Short sword       |       |       |       |    10 |   525 ||   535
   Cast: Necrotise         |    19 |    60 |    89 |    14 |    44 ||   226
         Vampiric Draining |       |     7 |    44 |    43 |     2 ||    96
         Curse of Agony    |       |       |       |   100 |   168 ||   268
         Animate Dead      |       |       |       |    15 |    20 ||    35
         Death Channel     |       |       |       |       |    20 ||    20
         Martyr's Knell    |       |       |       |       |    16 ||    16
         Sublimation of Bl |       |       |       |       |     1 ||     1
         Dispel Undead     |       |       |       |       |     4 ||     4
  Evoke: Wand              |       |       |     4 |    11 |    15 ||    30
    Use: Scroll            |       |     3 |     1 |    12 |    14 ||    30
         Potion            |       |     2 |       |       |     7 ||     9
   Stab: Sleeping          |     2 |     3 |     6 |    11 |     3 ||    25
         Paralysed         |       |     3 |    38 |    70 |   104 ||   215
         Distracted        |       |       |       |     1 |     7 ||     8
 Armour: Leather armour    |    30 |   179 |   210 |   318 |   546 ||  1283
         Robe              |     2 |       |       |       |       ||     2
  Dodge: Dodged            |    39 |   136 |   221 |   369 |   682 ||  1447

Table legend: (Time is in decaauts)
 A = Elapsed time spent in this place.
 B = Non-inter-level travel time spent in this place.
 C = Inter-level travel time spent in this place.
 D = Time resting spent in this place.
 E = Time spent auto-exploring this place.
 F = Levels seen in this place.
 G = Mean time per level.
                   A        B        C        D        E       F      G
               +--------+--------+--------+--------+--------+-----+--------+
         Total |  30895 |  27835 |   3060 |   4781 |  11517 |  27 | 1144.3 |
       Dungeon |  16054 |  14149 |   1905 |   1829 |   6892 |  14 | 1146.7 |
        Temple |      1 |      1 |      0 |      0 |      0 |   1 |    1.0 |
          Lair |   8599 |   7758 |    841 |   1435 |   3298 |   5 | 1719.8 |
         Swamp |     33 |     33 |      0 |      0 |      0 |   1 |   33.0 |
     Snake Pit |   1326 |   1089 |    237 |    139 |    355 |   2 |  663.0 |
  Orcish Mines |   3889 |   3814 |     75 |   1197 |    812 |   2 | 1944.5 |
         Sewer |    737 |    737 |      0 |    181 |    160 |   1 |  737.0 |
      Gauntlet |    252 |    252 |      0 |      0 |      0 |   1 |  252.0 |
               +--------+--------+--------+--------+--------+-----+--------+

Top non-repeatable levels by time:
   Orc:2: 3104 daAuts
  Lair:2: 2357 daAuts
  Lair:5: 1961 daAuts
     D:9: 1745 daAuts
     D:7: 1729 daAuts
    D:11: 1478 daAuts
  Lair:3: 1450 daAuts
  Lair:4: 1448 daAuts
    D:12: 1447 daAuts
     D:5: 1435 daAuts
     D:8: 1413 daAuts
     D:4: 1408 daAuts
  Lair:1: 1381 daAuts
     D:6: 1203 daAuts
 Snake:1: 1093 daAuts
